AoeStats
← Toker505

Arabia

510867999Analyzed
1v1 RM · 11h ago on Oct 2, 2026· 38m 21s· 2 players
Game mode
Random Map
Map size
Tiny (2 player)
Population
200
Speed
Normal
Resources
Standard
Victory
Conquest
Starting age
Dark Age
Ending age
Imperial Age
RankedLock teamsTeams togetherTeam positionsShared explorationLock speedFull tech treeHidden civsTurbo modeCheats
Victory
Defeat
🇪🇸 Mapuche · Spain
965
+16
🇺🇸 Muisca · United States
962
-16
Toker505
5:49 Loom
9:44 Feudal Age
9:57 Champi Runner
20:20 Castle Age
20:23 Champi Warrior
21:36 Squires
21:50 Forging
21:41 Scale Mail Armor
21:28 Horse Collar
23:27 Pikeman
30:17 Gold Mining
31:13 Town Watch
37:08 Iron Casting
36:48 Chain Mail Armor
37:39 Town Patrol
anderdeuribe
9:06 Loom
10:53 Feudal Age
15:23 Castle Age
22:20 Fletching
27:03 Forging
33:24 Wheelbarrow
36:00 Imperial Age
33:58 Scale Mail Armor
34:14 Champi Runner
34:59 Champi Warrior
Connection lost

Rejoining the realm…

Still unreachable

The connection could not be restored.

Session expired

The server has moved on; the page needs a fresh start.